 Dungeon Crawl Stone Soup version 0.13-a0-2606-g170388b (webtiles) character file.

6297 JacquesDerrida the Spear-Bearer (level 10, -9/66 HPs)
             Began as a Merfolk Ice Elementalist on Aug 5, 2013.
             Was a Follower of Vehumet.
             Mangled by a wyvern zombie (11 damage)
             ... on Level 10 of the Dungeon.
             The game lasted 00:44:10 (10825 turns).

JacquesDerrida the Spear-Bearer (MfIE)             Turns: 10825, Time: 00:44:12

HP  -9/66        AC  5     Str 11      XL: 10   Next: 80%
MP  31/31        EV 17     Int 15      God: Vehumet [*.....]
Gold 461         SH  0     Dex 15      Spells:  5 memorised,  6 levels left

Res.Fire  : . . .   See Invis. : .   a - +3,+0 elf trident
Res.Cold  : . . .   Warding    : .   n - +0 leather armour
Life Prot.: . . .   Conserve   : .   (no shield)
Res.Poison: .       Res.Corr.  : .   e - +0 winged helmet
Res.Elec. : .       Clarity    : .   z - +0 cloak
Sust.Abil.: . .     Spirit.Shd : .   (no gloves)
Res.Mut.  : .       Stasis     : .   (no boots)
Res.Rott. : .       Flight     : .   f - amulet of the gourmand
Gourmand  : +                        g - +2 ring of evasion
                                     I - ring of magical power

@: confused, very slightly contaminated, somewhat resistant to hostile
enchantments, very unstealthy
A: change form in water, swift swim
a: Renounce Religion


You were on level 10 of the Dungeon.
You worshipped Vehumet.
Vehumet was most pleased with you.
You were very full.

You visited 2 branches of the dungeon, and saw 11 of its levels.

You collected 441 gold pieces.

Inventory:

Hand weapons
 a - a +3,+0 elven trident (weapon)
 o - a +0,+0 halberd
Missiles
 l - 5 darts of flame (quivered)
 w - 12 darts
Armour
 e - a +0 winged helmet (worn)
 n - a +0 leather armour (worn)
 z - a +0 cloak (worn)
 S - a +1 orcish robe of cold resistance
Magical devices
 N - a wand of digging (10) {unknown}
 Q - a wand of confusion (10)
Comestibles
 c - 4 bread rations
 d - 2 chokos
 j - 5 meat rations
 k - an orange
 A - 11 sultanas
 F - an apple
 K - 3 rotting chunks of orc flesh
 V - a sausage
 W - 2 chunks of orc flesh
Scrolls
 h - a scroll of noise
 m - 2 scrolls of enchant armour {unknown}
 p - 4 scrolls of teleportation
 q - 2 scrolls of enchant weapon II {unknown}
 u - a scroll of enchant weapon I {unknown}
 v - 3 scrolls of magic mapping
 x - a scroll of random uselessness {unknown}
 y - a scroll of curse jewellery {unknown}
 B - a scroll of remove curse
 T - a scroll of fear {unknown}
 U - 3 scrolls of identify
Jewellery
 f - an amulet of the gourmand (around neck)
 g - a +2 ring of evasion (right hand)
 s - an uncursed amulet of clarity
 t - an uncursed amulet of stasis
 I - a ring of magical power (left hand)
 O - an uncursed ring of sustenance
 P - a +1 ring of protection
Potions
 r - 4 potions of confusion
 C - 2 potions of agility {unknown}
 E - a potion of restore abilities {unknown}
 G - a potion of flight {unknown}
 J - a potion of might
 L - 2 potions of magic
 M - 2 potions of poison {unknown}
 R - 6 potions of slowing {unknown}
Books
 b - a book of Frost

   Spells                             Type                      Level
   *Freeze                            Ice                          1
   *Throw Frost                       Conjuration/Ice              2
   *Ozocubu's Armour                  Charms/Ice                   3
   Throw Icicle                       Conjuration/Ice              4
   *Summon Ice Beast                  Ice/Summoning                4
   *Condensation Shield               Ice                          4
 D - a book of Hinderance

   Spells                             Type                      Level
   Confusing Touch                    Hexes                        1
   Slow                               Hexes                        2
   Confuse                            Hexes                        3
   Petrify                            Transmutation/Earth          4
   Leda's Liquefaction                Hexes/Earth                  4
   Metabolic Englaciation             Hexes/Ice                    6
Miscellaneous
 i - a lamp of fire (inert)


   Skills:
 + Level 2.5 Fighting
   Level 0.1 Axes
 + Level 11.2 Polearms
 - Level 7.8 Dodging
 - Level 2.1 Stealth
 - Level 5.5 Spellcasting
 - Level 2.1 Conjurations
 - Level 3.1 Summonings
 - Level 11.0 Ice Magic


You had 6 spell levels left.
You knew the following spells:

 Your Spells              Type           Power        Failure   Level  Hunger
a - Freeze                Ice            ####         1%          1    None
b - Ozocubu's Armour      Chrm/Ice       ###.......   6%          3    ###....
c - Condensation Shield   Ice            #####.....   1%          4    ####...
d - Summon Ice Beast      Ice/Summ       ####......   12%         4    ####...
e - Throw Frost           Conj/Ice       ###...       1%          2    #......


Dungeon Overview and Level Annotations

Branches:
Dungeon (10/27)            Temple (1/1) D:4             Orc (0/4) D:9
   Lair: D:8-13

Altars:
Ashenzari
Cheibriados
Elyvilon
Fedhas
Kikubaaqudgha
Makhleb
Nemelex Xobeh
Okawaru
Sif Muna
Trog
Vehumet
Xom
Yredelemnul
Zin
the Shining One

Annotations
D:5 foonesh's ghost, average DECj


Message History

It was a potion of confusion.
The wyvern zombie barely misses you.
The griffon skeleton bites your ice beast.
The griffon skeleton pecks your ice beast but does no damage.
The griffon skeleton claws your ice beast.
Your ice beast hits the griffon skeleton.
Your ice beast freezes the griffon skeleton.
The griffon skeleton resists.
The orc hits your ice beast but does no damage.
Your ice beast hits the griffon skeleton.
Your ice beast freezes the griffon skeleton.
The griffon skeleton resists.
Drink which item? (? for menu, Esc to quit)
Magic courses through your body.
It was a potion of magic.
The wyvern zombie misses you.
Your ice beast hits the giant frog.
Your ice beast freezes the giant frog!
The giant frog seems to slow down.
The giant frog hits your ice beast.
Your ice beast dies!
Your ice beast hits the giant frog.
Your ice beast freezes the giant frog.
The wyvern zombie bites you!
You die...

.....#
#...................#
######
#.............).....# #
#####+####..........# #
#. #..........# # #.
#..........# # #.
#..........# #
####.####..........#
####...).I##..........#
.......)oFZ@..........#
.########Z##..........#
#.##...>......#
#.##..........
...+..........
#.##.........
#.##........
#.##....... #.##....


You could see a giant frog, an orc, a wyvern zombie, a griffon skeleton and a
friendly ice beast.

Vanquished Creatures
  A two-headed ogre (D:9)
  2 yaks (D:9)
  A hill giant skeleton (D:9)
  5 ogres
  A swamp drake (D:9)
  A yellow wasp (D:7)
  A black bear (D:9)
  4 orc warriors
  2 ice beasts
  3 sky beasts (D:7)
  2 centaurs
  2 wargs (D:7)
  4 giant frogs
  A water moccasin (D:6)
  9 killer bees
  A giant frog zombie (D:7)
  A crimson imp (D:6)
  3 hounds
  A soldier ant zombie (D:7)
  4 orc priests
  14 orc wizards
  A quasit (D:7)
  3 scorpions
  A jelly (D:9)
  3 worker ants
  An ogre zombie (D:6)
  A sky beast zombie (D:6)
  Ijyb (D:3)
  12 adders
  9 gnolls
  2 giant mites
  3 worms
  An inept feature mimic (D:7)
  A giant eyeball (D:4)
  5 giant geckos
  2 oozes
  31 orcs
  A ball python (D:4)
  14 bats
  10 goblins
  15 hobgoblins
  17 kobolds
  11 quokkas
  3 giant cockroaches
  A giant gecko skeleton (D:7)
  8 giant newts
  12 jackals
  A jackal zombie (D:7)
  An orc zombie (D:5)
  A quokka skeleton (D:6)
  18 rats
253 creatures vanquished.

Vanquished Creatures (collateral kills)
  The ghost of tesudzi the Slicer, an experienced DsBe of Trog (D:8)
  A two-headed ogre (D:10)
  A troll (D:9)
  3 yaks (D:9)
  A hungry ghost (D:9)
  A necrophage (D:10)
  An orc warrior (D:10)
  An ogre (D:10)
  A yak skeleton (D:10)
  A goliath beetle (D:8)
  An orc wizard (D:8)
  A jelly (D:9)
  A lemure (D:8)
  A giant gecko (D:10)
  4 orcs
  A kobold (D:9)
  A rat (D:10)
22 creatures vanquished.

Vanquished Creatures (others)
  5 ice beasts
5 creatures vanquished.

Grand Total: 280 creatures vanquished

Notes
Turn   | Place    | Note
--------------------------------------------------------------
     0 | D:1      | JacquesDerrida, the Merfolk Ice Elementalist, began the quest for the Orb.
     0 | D:1      | Reached XP level 1. HP: 13/13 MP: 3/3
   158 | D:1      | Reached XP level 2. HP: 16/19 MP: 1/4
   634 | D:1      | Reached XP level 3. HP: 8/24 MP: 1/6
  1163 | D:1      | Learned a level 3 spell: Ozocubu's Armour
  1220 | D:1      | Reached skill level 4 in Ice Magic
  1371 | D:1      | Reached XP level 4. HP: 30/30 MP: 8/8
  1713 | D:2      | Learned a level 4 spell: Condensation Shield
  1798 | D:2      | Reached skill level 1 in Polearms
  1990 | D:2      | Reached XP level 5. HP: 32/35 MP: 7/10
  2656 | D:3      | Reached skill level 5 in Ice Magic
  2968 | D:3      | Noticed Ijyb
  2976 | D:3      | Killed Ijyb
  2983 | D:3      | Reached XP level 6. HP: 41/41 MP: 0/13
  3608 | D:4      | Found an ancient bone altar of Kikubaaqudgha.
  3670 | D:4      | Found a snail-covered altar of Cheibriados.
  3749 | D:4      | Found a staircase to the Ecumenical Temple.
  3760 | Temple   | Entered the Ecumenical Temple
  3783 | D:4      | Found a shattered altar of Ashenzari.
  3871 | D:4      | Found a burning altar of Makhleb.
  3897 | D:4      | Found a deep blue altar of Sif Muna.
  4011 | D:4      | Reached skill level 6 in Ice Magic
  4492 | D:5      | Entered Level 5 of the Dungeon
  4505 | D:5      | Reached XP level 7. HP: 41/46 MP: 6/16
  5110 | D:5      | Noticed foonesh's ghost (average DECj)
  5506 | D:5      | Found a glowing golden altar of the Shining One.
  5539 | D:5      | Learned a level 4 spell: Summon Ice Beast
  5819 | D:6      | Reached skill level 7 in Ice Magic
  5946 | D:6      | Learned a level 2 spell: Throw Frost
  5985 | D:6      | Reached skill level 1 in Fighting
  5985 | D:6      | Reached skill level 1 in Conjurations
  6015 | D:6      | Reached XP level 8. HP: 35/53 MP: 7/18
  6268 | D:6      | Reached skill level 5 in Spellcasting
  6889 | D:7      | Reached skill level 8 in Ice Magic
  7171 | D:7      | Reached skill level 9 in Ice Magic
  7273 | D:7      | Reached XP level 9. HP: 52/58 MP: 20/21
  7324 | D:7      | Found a staircase to the Orcish Mines.
  7439 | D:7      | Reached skill level 5 in Polearms
  7590 | D:7      | Reached skill level 5 in Dodging
  7776 | D:7      | the staircase to the Orcish Mines was a mimic.
  8135 | D:8      | Noticed tesudzi's ghost (experienced DsBe)
  8179 | D:8      | Killed tesudzi's ghost
  8730 | D:8      | Reached skill level 1 in Summonings
  9102 | D:9      | Reached XP level 10. HP: 65/65 MP: 20/22
  9183 | D:9      | Found a radiant altar of Vehumet.
  9237 | D:9      | Reached skill level 10 in Polearms
  9348 | D:9      | Became a worshipper of Vehumet
  9577 | D:9      | Reached skill level 11 in Polearms
 10095 | D:9      | Acquired Vehumet's first power
 10095 | D:9      | Offered knowledge of Sandblast by Vehumet.
 10095 | D:9      | Reached skill level 10 in Ice Magic
 10362 | D:9      | Found a staircase to the Orcish Mines.
 10644 | D:10     | Entered Level 10 of the Dungeon
 10823 | D:10     | HP: 2/66 [wyvern zombie (12)]
 10825 | D:10     | Mangled by a wyvern zombie

Action                   |  1- 3 |  4- 6 |  7- 9 | 10-12 || total
-------------------------+-------+-------+-------+-------++-------
Melee: Unarmed           |     6 |       |       |       ||     6
       Short sword       |     4 |       |       |       ||     4
       Hand axe          |    48 |    92 |    24 |       ||   164
       Trident           |       |       |   163 |   109 ||   272
 Cast: Freeze            |    31 |   109 |   216 |   107 ||   463
       Ozocubu's Armour  |       |     3 |    22 |     9 ||    34
       Throw Frost       |       |       |    15 |    27 ||    42
       Summon Ice Beast  |       |       |     5 |    10 ||    15
       Condensation Shie |       |       |     7 |    10 ||    17
Evoke: Wand              |       |       |     4 |       ||     4
       Miscellaneous     |       |       |       |     1 ||     1
  Use: Scroll            |     3 |     3 |     4 |     1 ||    11
       Potion            |       |       |     2 |     5 ||     7
 Stab: Sleeping          |     3 |     1 |     5 |       ||     9
       Distracted        |       |       |     1 |       ||     1
